 Dungeon Crawl Stone Soup version 0.31.0 (webtiles) character file.

Game seed: 12045058738126537007

731 qw the Skirmisher (level 7, -1/43 HPs)
             Began as a Gargoyle Hunter on Jan 19, 2024.
             Was an Initiate of Okawaru.
             Slain by a yak (7 damage)
             ... on level 5 of the Dungeon.
             The game lasted 00:00:21 (3971 turns).

qw the Skirmisher (Gargoyle Hunter)                 Turns: 3971, Time: 00:00:21

Health: -1/43      AC: 15    Str: 14    XL:     7   Next: 73%
Magic:  7/7        EV: 16    Int: 10    God:    Okawaru [......]
Gold:   194        SH:  0    Dex: 15    Spells: 6/6 levels left

rFire   + + .        a - +2 shortbow
rCold   . . .        (shield currently unavailable)
rNeg    + . .        f - +2 leather armour {rF+}
rPois   inf          n - +1 helmet
rElec   +            c - +1 cloak of Starlight {*Dazzle EV+4 Stlth--}
rCorr   .            (no gloves)
SInv    .            j - +0 pair of boots
Will    .....        (no amulet) Stlth
                     d - ring of protection from fire
HPRegen 0.27/turn    (no ring)
MPRegen 0.10/turn

%: no passive effects
@: hasted (expiring), very quick
A: sickness immunity, AC +4, negative energy resistance 1, electricity
resistance, torment resistance 1, petrification resistance
a: Renounce Religion


You were on level 5 of the Dungeon.
You worshipped Okawaru.
Okawaru was noncommittal.
You visited 2 branches of the dungeon, and saw 6 of its levels.

You collected 194 gold pieces.


Innate Abilities, Weirdness & Mutations

You are immune to sickness and miasma.
Your stone body is resilient. (AC +4)
You are immune to poison.
You resist negative energy. (rN+)
You are resistant to electric shocks. (rElec)
You are resistant to unholy torment.
You are immune to petrification.


   Skills:
 + Level 4.0 Fighting
 - Level 8.2 Ranged Weapons
 - Level 2.0 Armour
 - Level 2.0 Dodging
 - Level 1.1 Stealth


You had 6 spell levels left.
You didn't know any spells.
Your spell library was empty.

Inventory:

Hand Weapons
 a - a +2 shortbow (weapon)
Armour
 c - the +1 cloak of Starlight (worn) {*Dazzle EV+4 Stlth--}
   (You acquired it on level 2 of the Dungeon)

   *Dazzle:   It may blind those who miss an attack against the wearer in melee
   combat.
   EV+4:      It affects your evasion (+4).
   Stlth--:   It makes you much less stealthy.
 f - a +2 leather armour of fire resistance (worn)
 j - a +0 pair of boots (worn)
 n - a +1 helmet (worn)
Jewellery
 d - a ring of protection from fire (left hand)
Wands
 h - a wand of flame (11)
Scrolls
 g - 2 scrolls of identify
Potions
 b - a potion of resistance
 e - a potion of mutation
 k - 2 potions of enlightenment
 l - a potion of degeneration {unknown}

Dungeon Overview and Level Annotations

Branches:
Dungeon (5/15)             Temple (1/1) D:5

Altars:
Ashenzari
Cheibriados
Dithmenos
Fedhas
Hepliaklqana
Okawaru
Qazlal
Sif Muna
Vehumet
Xom
Zin
The Shining One
Lugonu

Portals:
Abyss: D:4

Annotations:
D:3 1 runed translucent door, Crazy Yiuf


Message History

Okawaru is honoured by your kill.
Your Ranged Weapons skill increases to level 8!
You shoot an arrow. The arrow hits the yak.
The yak is lightly wounded.
You shoot an arrow. The arrow hits the yak!
The yak is heavily wounded.
The yak gores you!
You shoot an arrow.
The arrow hits the yak but does no damage.
The yak is heavily wounded.
You shoot an arrow.
The arrow hits the yak but does no damage.
The yak is heavily wounded.
You shoot an arrow.
The arrow hits the yak but does no damage.
The yak is heavily wounded.
The yak barely misses you. The yak gores you.
You shoot an arrow. The arrow hits the yak.
The yak is heavily wounded.
The yak closely misses you. The yak gores you.
You shoot an arrow. The arrow hits the yak.
The yak is severely wounded.
You shoot an arrow. The arrow hits the yak.
The yak is severely wounded.
The yak barely misses you. The yak closely misses you.
You shoot an arrow.
The arrow hits the yak but does no damage.
The yak is severely wounded.
The yak gores you! The yak gores you.
You shoot an arrow. The arrow hits the yak.
The yak is almost dead.
You shoot an arrow. The arrow closely misses the yak.
The yak gores you. The yak gores you!
You shoot an arrow. The arrow hits the yak.
The yak is almost dead.
The yak gores you but does no damage. x2
You shoot an arrow. The arrow barely misses the yak.
Your extra speed is starting to run out.
The yak gores you!
You die...

#...................# #.......
#...................# #.......
#...................# #.......
#...................### #.......
#....%................# #.......
#####.................# #.......
.#.#.#'#+#'#..........# #.......
#.#.#.#.#)#.#+#+#'#+#.######....#
.#.#.#.#.#.#...#@#.#.#.......>..#
#.#.#.#.)......YY...#.#######'###
.#'#.#.#...#...#...#.## ##'###
....#.#....#.}.#....#.# #....#
....+#.#.###...###.#.## #....#
....#.#.......Y.....#.# #....#
.....#....}..>..}....## #....#
#+#.#.#..........Y..#.# #....#
#.#.#.#.###...###.YY## #....#


You could see 2 yaks.

Vanquished Creatures
  A yak (D:5)
  A scorpion (D:4)
  2 bombardier beetles
  2 orc priests
  2 hounds
  Terence (D:2)
  2 orc wizards
  Ijyb (D:4)
  Robin (D:2)
  7 gnolls
  5 adders
  3 dart slugs
  12 orcs
  5 ball pythons
  6 bats
  9 endoplasms
  5 giant cockroaches
  17 goblins
  5 hobgoblins
  4 jackals (D:1)
  3 quokkas
  A frilled lizard (D:1)
  7 kobolds
  2 rats
  A lurking horror (D:4)
105 creatures vanquished.

Notes
Turn   | Place    | Note
-------+----------+-------------------------------------------
     0 | D:1      | qw the Gargoyle Hunter began the quest for the Orb.
     0 | D:1      | Reached XP level 1. HP: 12/12 MP: 1/1
     0 | D:1      | 0 ||| qw: Version: 0.3-a-132-g3d54051
     0 | D:1      | 0 ||| qw: Game counter: 386
     0 | D:1      | 0 ||| qw: Melee chars always use a shield: true
     0 | D:1      | 0 ||| qw: God list: Okawaru
     0 | D:1      | 0 ||| qw: Allow faded altars: false
     0 | D:1      | 0 ||| qw: Do Orc after clearing Dungeon:15 true
     0 | D:1      | 0 ||| qw: Do second Lair branch before Depths: true
     0 | D:1      | 0 ||| qw: Lair rune preference: random
     0 | D:1      | 0 ||| qw: Goals: Normal
     0 | D:1      | 0 ||| PLANNING D:1-11
   256 | D:1      | Reached XP level 2. HP: 17/17 MP: 2/2
   614 | D:1      | Reached XP level 3. HP: 21/21 MP: 3/3
   863 | D:1      | 863 ||| UPGRADING to +2 leather armour of fire resistance.
   873 | D:1      | 873 ||| DROPPING +0 leather armour.
   874 | D:1      | 874 ||| UPGRADING to +0 cloak.
   879 | D:1      | 879 ||| UPGRADING to ring of protection from fire.
   880 | D:1      | 880 ||| READING scroll labelled YRIF WASTEREMI.
   881 | D:1      | 881 ||| READING scroll labelled GOQUZO KASYWK.
   882 | D:1      | 882 ||| READING scroll labelled AMOCIE BARGHUMN.
   882 | D:1      | 882 ||| ENCHANTING +0 cloak.
   883 | D:1      | 883 ||| READING scroll labelled ZUETAJ BIUVINA.
   883 | D:1      | 883 ||| ENCHANTING +0 shortbow.
   884 | D:1      | 884 ||| DROPPING scroll of butterflies.
  1032 | D:2      | 1032 ||| READING scroll of enchant weapon.
  1032 | D:2      | 1032 ||| ENCHANTING +1 shortbow.
  1036 | D:2      | Reached skill level 5 in Ranged Weapons
  1058 | D:2      | Noticed Terence
  1072 | D:2      | HP: 5/21 [Terence/+0 morningstar of protection (5)]
  1073 | D:2      | Killed Terence
  1074 | D:2      | Reached skill level 3 in Fighting
  1075 | D:2      | 1075 ||| FLEEEEING.
  1199 | D:2      | Reached XP level 4. HP: 28/28 MP: 4/4
  1285 | D:2      | Found a faded altar of an unknown god.
  1340 | D:2      | Noticed Robin
  1377 | D:2      | Killed Robin
  1378 | D:2      | 1378 ||| FLEEEEING.
  1760 | D:2      | 1760 ||| UPGRADING to +0 pair of boots.
  1765 | D:2      | 1765 ||| UPGRADING to +0 helmet.
  1770 | D:2      | 1770 ||| READING 2 scrolls labelled IHURRY PIZXAME.
  1770 | D:2      | 1770 ||| IDENTIFYING viscous yellow potion
  1771 | D:2      | 1771 ||| READING scroll of identify.
  1771 | D:2      | 1771 ||| IDENTIFYING purple potion
  1772 | D:2      | 1772 ||| READING scroll labelled XETAIK TESI.
  1773 | D:2      | 1773 ||| FLEEEEING.
  1776 | D:2      | 1776 ||| READING scroll labelled ZUISEO EPHE.
  1776 | D:2      | Identified a scroll of acquirement
  1776 | D:2      | 1776 ||| ACQUIRING +1 cloak of Starlight {*Dazzle EV+4
                  | Stlth--}
  1776 | D:2      | Acquired the +1 cloak of Starlight {*Dazzle EV+4 Stlth--}
  1776 | D:2      | Found the +1 cloak of Starlight {*Dazzle EV+4 Stlth--}
  1778 | D:2      | 1778 ||| UPGRADING to +1 cloak of Starlight {*Dazzle EV+4
                  | Stlth--}.
  1788 | D:2      | 1788 ||| DROPPING +1 cloak.
  1789 | D:2      | 1789 ||| READING scroll labelled TUSOMO FIOTH.
  1890 | D:2      | 1890 ||| READING scroll labelled UNKAAL IHEOHO.
  1891 | D:2      | 1891 ||| READING scroll labelled FATTESAJAK.
  1892 | D:2      | 1892 ||| READING scroll labelled ASIOWN FIAFUYTH.
  1893 | D:2      | 1893 ||| DRINKING 2 orange potions.
  1932 | D:3      | 1932 ||| FLEEEEING.
  1935 | D:3      | 1935 ||| STAIRDANCE
  2007 | D:3      | Reached XP level 5. HP: 32/32 MP: 5/5
  2368 | D:3      | Found a hazy altar of Hepliaklqana.
  2554 | D:3      | Found a runed translucent door.
  2555 | D:3      | Noticed Crazy Yiuf
  2612 | D:3      | 2612 ||| READING 3 scrolls of identify.
  2612 | D:3      | 2612 ||| IDENTIFYING bubbling sapphire potion
  2613 | D:3      | 2613 ||| READING 2 scrolls of identify.
  2613 | D:3      | 2613 ||| IDENTIFYING 2 clear potions
  2614 | D:3      | 2614 ||| DROPPING 2 potions of ambrosia.
  2655 | D:4      | Reached skill level 6 in Ranged Weapons
  2656 | D:4      | 2656 ||| READING scroll of enchant armour.
  2656 | D:4      | 2656 ||| ENCHANTING +0 helmet.
  2679 | D:4      | Found a corrupted altar of Lugonu.
  2717 | D:4      | Found a one-way gate to the infinite horrors of the Abyss.
  2763 | D:4      | Found a broken altar of Ashenzari.
  2814 | D:4      | Noticed Ijyb
  2829 | D:4      | Killed Ijyb
  2830 | D:4      | Reached XP level 6. HP: 35/37 MP: 6/6
  3052 | D:4      | 3052 ||| FLEEEEING.
  3330 | D:4      | 3330 ||| FLEEEEING.
  3340 | D:4      | 3340 ||| STAIRDANCE
  3343 | D:3      | 3343 ||| FLEEEEING.
  3350 | D:3      | 3350 ||| STAIRDANCE
  3379 | D:2      | 3379 ||| DROPPING ring of wizardry.
  3537 | D:4      | Reached skill level 7 in Ranged Weapons
  3605 | D:5      | Entered Level 5 of the Dungeon
  3620 | D:5      | Reached XP level 7. HP: 43/43 MP: 7/7
  3683 | D:5      | 3683 ||| FLEEEEING.
  3694 | D:5      | 3694 ||| FLEEEEING.
  3781 | D:5      | Found a staircase to the Ecumenical Temple.
  3782 | D:5      | 3782 ||| PLANNING TEMPLE
  3782 | D:5      | 3782 ||| FLEEEEING.
  3805 | Temple   | Entered the Ecumenical Temple
  3806 | Temple   | 3806 ||| PLANNING OKAWARU WORSHIP
  3834 | Temple   | Became a worshipper of Warmaster Okawaru
  3835 | Temple   | 3835 ||| PLANNING D:1-11
  3921 | D:5      | Noticed a yak
  3921 | D:5      | Noticed a yak
  3921 | D:5      | Noticed a yak
  3922 | D:5      | 3922 ||| DRINKING potion of haste.
  3924 | D:5      | 3924 ||| RETREEEEATING.
  3925 | D:5      | 3925 ||| RETREEEEATING.
  3926 | D:5      | 3926 ||| RETREEEEATING.
  3927 | D:5      | 3927 ||| RETREEEEATING.
  3928 | D:5      | 3928 ||| FLEEEEING.
  3929 | D:5      | 3929 ||| FLEEEEING.
  3930 | D:5      | 3930 ||| FLEEEEING.
  3931 | D:5      | 3931 ||| FLEEEEING.
  3932 | D:5      | 3932 ||| FLEEEEING.
  3936 | D:5      | 3936 ||| FLEEEEING.
  3937 | D:5      | 3937 ||| FLEEEEING.
  3938 | D:5      | 3938 ||| FLEEEEING.
  3945 | D:5      | 3945 ||| RETREEEEATING.
  3952 | D:5      | 3952 ||| RETREEEEATING.
  3954 | D:5      | 3954 ||| RETREEEEATING.
  3957 | D:5      | 3957 ||| RETREEEEATING.
  3958 | D:5      | Killed a yak
  3959 | D:5      | Reached skill level 8 in Ranged Weapons
  3969 | D:5      | HP: 5/43 [yak (9)]
  3971 | D:5      | Slain by a yak

Levels and vault maps discovered:
D:1:      roderic_dead_forest, layout_loops_corners
D:2:      layout_loops_ring, ebering_ecumenical_altar_petrified, uniq_robin,
          uniq_terence
D:3:      layout_loops_ring, nicolae_hepliaklqana_hazy_memory,
          dk_noncrumbling_4, uniq_crazy_yiuf_cottage
D:4:      layout_basic, mainiacjoe_overflow_paths,
          amcnicky_altar_lugonu_corruption, uniq_ijyb
D:5:      layout_basic, nicolae_uskayaw_dance_hall,
          minmay_temple_entry_junction_2
Temple:   cyrus_temple_forest

Skill      XL: |  1  2  3  4  5  6  7 |
---------------+----------------------+-----
Ranged Weapons | 5 6 7 8 |  8.2
Fighting       | 3 4 |  4.0
Armour         | 2 |  2.0
Dodging        | 2 |  2.0
Stealth        | |  1.1

Action                     |  1- 3 |  4- 6 |  7- 9 || total
---------------------------+-------+-------+-------++-------
   Fire: Shortbow          |   103 |   264 |    74 ||   441
    Use: Scroll            |     5 |    11 |       ||    16
         Potion            |       |     1 |     1 ||     2
 Armour: Leather armour    |    37 |   100 |    46 ||   183
  Dodge: Dodged            |    36 |   105 |    31 ||   172

Table legend:
 A = Non-vault XP
 B = Vault XP
 C = Vault XP percentage of total XP
 D = Non-vault monster count
 E = Vault monster count
 F = Vault count percentage of total count
                 A         B        C        D         E       F
            +---------+---------+-------+---------+---------+-------
      Total |     939 |     106 |  10.1 |      90 |      14 |  13.5
            +---------+---------+-------+---------+---------+-------
        D:1 |      36 |       0 |   0.0 |      20 |       0 |   0.0
        D:2 |      42 |      71 |  62.8 |      15 |      13 |  46.4
        D:3 |     144 |       0 |   0.0 |      27 |       0 |   0.0
        D:4 |     278 |      35 |  11.2 |      17 |       1 |   5.6
        D:5 |     439 |       0 |   0.0 |      11 |       0 |   0.0
            +---------+---------+-------+---------+---------+-------
